Map: Curious Minds LE

Players

Zoun

  • Race: Protoss Protoss

MaxPax - Winner!

  • Race: Protoss Protoss
  • League: Master

Event: TSL 8

VOD

Have the link to the VOD?

Description

Time

  • Played on: Nov. 26, 2021, 8:09 a.m.
  • Length: 5:50

All games in this series

Show
View Real Time Build Order
Export as new Build Order

Zoun Protoss 

Build Orders:  

Get SALT Encoding   

  12  0:00  Probe  
  13  0:12  Probe  
  14  0:17  Pylon  
  14  0:24  Probe (Chrono Boost)  
  15  0:37  Gateway, Probe (Chrono Boost)  
  16  0:44  Probe (Chrono Boost)  
  16  0:47  Assimilator  
  17  0:51  Probe  
  17  0:55  Assimilator  
  18  1:03  Probe  
  19  1:09  Gateway  
  19  1:15  Probe  
  20  1:24  Cybernetics Core  
  20  1:27  Probe  
  21  1:36  Pylon  
  21  1:39  Probe  
  22  1:51  Probe  
  23  2:00  Warp Gate (Chrono Boost)  
  23  2:01  Stalker (Chrono Boost)  
  27  2:02  Stalker (Chrono Boost)  
  27  2:15  Pylon  
  27  2:25  Stalker  
  27  2:26  Stalker  
  31  2:33  Shield Battery  
  31  2:37  Shield Battery  
  31  2:46  Shield Battery  
  31  2:57  Stalker  
  33  2:58  Stalker  
  35  3:09  Shield Battery  
  35  3:23  Shield Battery  
  35  3:35  Shield Battery  
  35  3:43  Stalker x2  
  35  3:46  Shield Battery  
  37  3:48  Shield Battery  
  37  3:56  Shield Battery  
  37  4:08  Stalker x2  
  39  4:24  Shield Battery  
  39  4:26  Shield Battery  
  37  4:32  Stalker  
  37  4:37  Stalker  
  37  4:57  Stalker  
  39  5:04  Stalker  
Show
View Real Time Build Order
Export as new Build Order

MaxPax Protoss - Winner!

Build Orders: 1 Gate Expand, Proxy Void Ray 

Get SALT Encoding   

  12  0:00  Probe  
  13  0:12  Probe  
  14  0:19  Pylon  
  14  0:24  Probe  
  15  0:37  Probe (Chrono Boost)  
  15  0:41  Gateway  
  16  0:47  Assimilator, Probe (Chrono Boost)  
  17  0:52  Probe (Chrono Boost)  
  18  1:04  Probe  
  19  1:17  Probe  
  20  1:24  Nexus  
  20  1:34  Cybernetics Core  
  20  1:36  Probe  
  21  1:43  Assimilator  
  21  1:48  Probe  
  21  1:53  Pylon  
  22  2:01  Probe  
  23  2:12  Stargate  
  23  2:14  Probe  
  24  2:20  Stalker (Chrono Boost)  
  26  2:28  Shield Battery  
  26  2:39  Shield Battery  
  26  2:40  Stalker (Chrono Boost)  
  27  2:51  Pylon  
  27  2:53  Void Ray (Chrono Boost)  
  27  2:54  Shield Battery  
  31  3:13  Forge  
  31  3:23  Shield Battery  
  31  3:26  Void Ray (Chrono Boost)  
  31  3:41  Shield Battery  
  35  3:52  Photon Cannon  
  35  3:57  Shield Battery  
  35  4:04  Void Ray (Chrono Boost)  
  39  4:21  Shield Battery  
  39  4:36  Photon Cannon  
  39  4:39  Void Ray (Chrono Boost)  
  43  4:49  Probe  
  43  4:50  Probe  
  45  5:01  Probe  
  45  5:02  Probe  
Tags
 
Add a new tag
Caveats
  • Supply blocks, unpowered buildings, or Contaminate may cause inaccurate times.
  • Supply counts are checked every 10 seconds.